 Dungeon Crawl Stone Soup version 0.31-a0-198-g2ad674f65e (webtiles) character file.

Game seed: 1123885920449457326

252 qw the Skirmisher (level 5, -2/30 HPs)
             Began as a Deep Elf Hunter on June 25, 2023.
             Slain by Edmund
             ... wielding a +1 dire flail of protection
              (12 damage)
             ... on level 4 of the Dungeon.
             The game lasted 00:00:59 (3311 turns).

qw the Skirmisher (Deep Elf Hunter)                 Turns: 3311, Time: 00:01:00

Health: -2/30      AC:  7    Str: 10    XL:     5   Next: 89%
Magic:  7/7        EV: 11    Int: 14    God:
Gold:   87         SH:  0    Dex: 18    Spells: 4/4 levels left

rFire   . . .        k - +2 orcbow (freeze)
rCold   . . .        (shield currently unavailable)
rNeg    . . .        l - +0 ring mail
rPois   .            (helmet restricted)
rElec   .            (no cloak)
rCorr   .            h - +0 pair of gloves
SInv    .            d - +0 pair of boots
Will    +....        (no amulet)
Stlth   +            (no ring)
HPRegen 0.25/turn    (no ring)
MPRegen 0.10/turn

%: no passive effects
@: no status effects
A: beak, strong-willed 1
a: no special abilities


You were on level 4 of the Dungeon.
You visited 1 branch of the dungeon, and saw 4 of its levels.

You collected 210 gold pieces.
You spent 123 gold pieces at shops.


Innate Abilities, Weirdness & Mutations

You have a beak for a mouth.
You are strong-willed. (Will+)


   Skills:
 + Level 1.8 Fighting
 - Level 9.4 Ranged Weapons
 - Level 2.4 Dodging
 - Level 1.2 Stealth


You had 4 spell levels left.
You didn't know any spells.
Your spell library was empty.

Inventory:

Hand Weapons
 k - a +2 orcbow of freezing (weapon)
Armour
 d - a +0 pair of boots (worn)
 h - a +0 pair of gloves (worn)
 l - a +0 ring mail (worn)
Scrolls
 b - a scroll of immolation {unknown}
 c - a scroll of poison {unknown}
 j - a scroll of identify
Potions
 a - a potion of brilliance {unknown}
 e - a potion of lignification {unknown}
 f - a potion of magic {unknown}
 g - a potion of attraction {unknown}
 i - a potion of resistance {unknown}
 m - a potion of curing {unknown}

Dungeon Overview and Level Annotations

Branches:
Dungeon (4/15)
 Temple: D:4-7

Altars:

Shops:
D:1 :   D:4 (

Annotations:
D:2 1 runed translucent door, Crazy Yiuf
D:4 Edmund


Message History

Enter note:
Enter note:
Enter note:
Enter note:
Enter note:
Enter note:
Enter note:
Enter note:
Enter note:
Enter note: You shoot an arrow.
The arrow hits Edmund!
The arrow freezes Edmund.
Edmund is moderately wounded.
You shoot an arrow.
The arrow hits Edmund but does no damage.
Edmund is moderately wounded.
You shoot an arrow. The arrow hits Edmund!
The arrow freezes Edmund.
Edmund is severely wounded.
You shoot an arrow.
The arrow hits Edmund but does no damage.
Edmund is severely wounded.
You shoot an arrow. The arrow hits Edmund.
The arrow freezes Edmund.
Edmund is severely wounded.
Edmund asks, "Have you met my wondrous brother?"
Edmund barely misses you.
You shoot an arrow. The arrow closely misses Edmund.
Edmund closely misses you. Edmund hits you but does no damage.
You shoot an arrow. The arrow barely misses Edmund.
Edmund hits you with a +1 dire flail of protection!
You shoot an arrow. The arrow hits Edmund!
The arrow freezes Edmund.
Edmund is almost dead.
Edmund hits you with a +1 dire flail of protection.
You shoot an arrow.
The arrow hits Edmund but does no damage.
Edmund is almost dead.
Edmund hits you with a +1 dire flail of protection.
You shoot an arrow.
The arrow hits Edmund but does no damage.
Edmund is almost dead.
Edmund hits you with a +1 dire flail of protection!
You die...

####.....####
#......### ##.....#
#....## ###....##
..#.....##
.........##
..........#########
................@.#
.........########@#
.........##.# .#
.).......#.#### .#
..####...#..#.# .#
.## ###.#...####.#
..# ###....#.#.# ..
#.# ##....###.##..#
#.## #...#.#
#....##


You could see Edmund.

Vanquished Creatures
  An ogre (D:4)
  A hound (D:4)
  Terence (D:2)
  A gnoll (D:1)
  4 adders
  2 worms
  2 dart slugs
  An orc (D:4)
  5 bats
  5 endoplasms
  4 giant cockroaches
  2 goblins
  2 hobgoblins
  7 kobolds
  2 quokkas
  9 ball pythons
  5 frilled lizards
  3 rats (D:1)
57 creatures vanquished.

Notes
Turn   | Place    | Note
-------+----------+-------------------------------------------
     0 | D:1      | qw the Deep Elf Hunter began the quest for the Orb.
     0 | D:1      | Reached XP level 1. HP: 12/12 MP: 3/3
     0 | D:1      | 0 ||| qw: Version: 0.3-a-22-g0ed2b0b
     0 | D:1      | 0 ||| qw: Game counter: 5328
     0 | D:1      | 0 ||| qw: Melee chars always use a shield: true
     0 | D:1      | 0 ||| qw: God list: Okawaru
     0 | D:1      | 0 ||| qw: Allow faded altars: false
     0 | D:1      | 0 ||| qw: Do Orc after clearing Dungeon:15 true
     0 | D:1      | 0 ||| qw: Do second Lair branch before Depths: true
     0 | D:1      | 0 ||| qw: Lair rune preference: random
     0 | D:1      | 0 ||| qw: Goals: Normal
     0 | D:1      | 0 ||| PLANNING D:1-11
    23 | D:1      | Reached skill level 6 in Ranged Weapons
    23 | D:1      | Reached XP level 2. HP: 16/16 MP: 4/4
   319 | D:1      | Found Jimot's Book Boutique.
   442 | D:1      | Reached XP level 3. HP: 20/20 MP: 5/5
   543 | D:1      | 543 ||| UPGRADING to +0 pair of boots.
   548 | D:1      | 548 ||| UPGRADING to +0 pair of gloves.
   553 | D:1      | 553 ||| READING scroll labelled EZAXZUO CEAHIECW.
   554 | D:1      | 554 ||| READING scroll labelled QYFAAG YSUJ.
   555 | D:1      | 555 ||| DROPPING scroll of butterflies.
   598 | D:2      | Found a runed translucent door.
   599 | D:2      | Noticed Crazy Yiuf
   795 | D:2      | Reached skill level 7 in Ranged Weapons
   889 | D:2      | Noticed Terence
   914 | D:2      | Killed Terence
   915 | D:2      | Reached XP level 4. HP: 10/25 MP: 6/6
  1520 | D:2      | 1520 ||| UPGRADING to +0 scale mail.
  1530 | D:2      | 1530 ||| DROPPING +0 leather armour.
  1531 | D:2      | 1531 ||| DRINKING 2 smoky orange potions.
  1531 | D:2      | Gained mutation: You occasionally lose the ability to read
                  | scrolls when taking damage. [potion of mutation]
  1531 | D:2      | Gained mutation: You are vulnerable to cold. (rC-) [potion
                  | of mutation]
  1531 | D:2      | Gained mutation: Your spells are a little harder to cast,
                  | but a little more powerful. [potion of mutation]
  1532 | D:2      | 1532 ||| DRINKING potion of mutation.
  1532 | D:2      | Lost mutation: You are vulnerable to cold. (rC-) [potion of
                  | mutation]
  1532 | D:2      | Lost mutation: You occasionally lose the ability to read
                  | scrolls when taking damage. [potion of mutation]
  1532 | D:2      | Lost mutation: Your spells are a little harder to cast, but
                  | a little more powerful. [potion of mutation]
  1532 | D:2      | Gained mutation: You are strong-willed. (Will+) [potion of
                  | mutation]
  1532 | D:2      | Gained mutation: You have a beak for a mouth. [potion of
                  | mutation]
  1961 | D:3      | Reached skill level 8 in Ranged Weapons
  2300 | D:3      | 2300 ||| UPGRADING to +0 ring mail.
  2310 | D:3      | 2310 ||| DROPPING +0 scale mail.
  2311 | D:3      | 2311 ||| READING scroll labelled CIPPUP EN TIECS.
  2312 | D:3      | 2312 ||| READING scroll labelled KEUSAP UHYOSK.
  2313 | D:3      | 2313 ||| READING scroll labelled WOANOM TOSASH.
  2516 | D:4      | Found Taeza's Antique Weapon Boutique.
  2530 | D:4      | Reached XP level 5. HP: 25/29 MP: 7/7
  2551 | D:4      | 2551 ||| BUYING runed orcbow (123 gold).
  2551 | D:4      | Bought a runed orcbow for 123 gold pieces
  2551 | D:4      | 2551 ||| SWAPPING to +2 orcbow of freezing.
  2552 | D:4      | 2552 ||| DROPPING +0 shortbow.
  2824 | D:4      | Noticed an ogre
  2826 | D:4      | Killed an ogre
  2827 | D:4      | Reached skill level 9 in Ranged Weapons
  3301 | D:4      | Noticed Edmund
  3311 | D:4      | Slain by Edmund

Levels and vault maps discovered:
D:1:      lemuel_arrival_rhombus, layout_basic, serial_shops,
          nicolae_shop_tiny_real_fake_doors
D:2:      layout_loops_corners, uniq_terence, uniq_crazy_yiuf_cottage
D:3:      layout_basic
D:4:      wad_crossroads, layout_layer_cave, serial_shops,
          nicolae_shop_statue_plus, uniq_edmund

Skill      XL: |  1  2  3  4  5 |
---------------+----------------+-----
Ranged Weapons | 6 7 8 9 |  9.4
Fighting       | |  1.8
Dodging        | |  2.4
Stealth        | |  1.2

Action                     |  1- 3 |  4- 6 || total
---------------------------+-------+-------++-------
   Fire: Shortbow          |   115 |    80 ||   195
         Orcbow            |       |    21 ||    21
    Use: Scroll            |     2 |     3 ||     5
         Potion            |       |     2 ||     2
 Armour: Leather armour    |    20 |       ||    20
         Scale mail        |       |    24 ||    24
         Ring mail         |       |    10 ||    10
  Dodge: Dodged            |    25 |    37 ||    62

Table legend:
 A = Non-vault XP
 B = Vault XP
 C = Vault XP percentage of total XP
 D = Non-vault monster count
 E = Vault monster count
 F = Vault count percentage of total count
                 A         B        C        D         E       F
            +---------+---------+-------+---------+---------+-------
      Total |     201 |     160 |  44.3 |      54 |       3 |   5.3
            +---------+---------+-------+---------+---------+-------
        D:1 |      44 |       0 |   0.0 |      20 |       0 |   0.0
        D:2 |      26 |      36 |  58.1 |      14 |       1 |   6.7
        D:3 |      47 |       0 |   0.0 |      10 |       0 |   0.0
        D:4 |      84 |     124 |  59.6 |      10 |       2 |  16.7
            +---------+---------+-------+---------+---------+-------
